 Dungeon Crawl Stone Soup version 0.21.0-24-g2553a33 (webtiles) character file.

1151 Inarius the Chiller (level 8, -16/61 HPs)
             Began as a Grey Draconian Ice Elementalist on Jan 19, 2018.
             Was a Follower of Vehumet.
             Demolished by an orc warrior
             ... wielding a +0 halberd
              (18 damage)
             ... on level 5 of the Dungeon.
             The game lasted 00:17:57 (7007 turns).

Inarius the Chiller (DrIE)                          Turns: 7007, Time: 00:17:58

Health: -16/61     AC: 12    Str: 10    XL:     8   Next: 15%
Magic:  1/15       EV: 13    Int: 17    God:    Vehumet [*.....]
Gold:   339        SH:  0    Dex: 13    Spells: 4/16 levels left

rFire    + . .     SeeInvis .   p - +3 dagger
rCold    . . .     Gourm    .   (no shield)
rNeg     . . .     Faith    .   (armour unavailable)
rPois    .         Spirit   .   (helmet restricted)
rElec    .         Reflect  .   (no cloak)
rCorr    .         Harm     .   (no gloves)
MR       .....                  r - +0 pair of boots
Stlth    ++........             (no amulet)
HPRegen  0.20/turn              n - ring of protection from fire
MPRegen  0.14/turn              (no ring)

@: no status effects
A: walk through water, unfitting armour, unbreathing, cold-blooded, AC +11
a: Renounce Religion


You were on level 5 of the Dungeon.
You worshipped Vehumet.
Vehumet was aware of your devotion.
You were not hungry.

You visited 1 branch of the dungeon, and saw 6 of its levels.

You collected 339 gold pieces.

Inventory:

Hand Weapons
 a - a +0 mace of holy wrath
 p - a +3 dagger (weapon)
 x - a +1 dagger of draining
Missiles
 f - 4 tomahawks (quivered)
Armour
 r - a +0 pair of boots (worn)
Jewellery
 n - a ring of protection from fire (left hand)
Scrolls
 d - a scroll of enchant weapon {unknown}
 e - 2 scrolls of noise {unknown}
 i - 3 scrolls of enchant armour {unknown}
 m - 3 scrolls of amnesia {unknown}
 o - 2 scrolls of fog {unknown}
 s - 2 scrolls of remove curse
 w - a scroll of teleportation {unknown}
Potions
 c - a potion of brilliance {unknown}
 h - a potion of heal wounds
 j - a potion of ambrosia
 k - 2 potions of curing {unknown}
 l - a potion of agility
 q - 3 potions of degeneration {unknown}
 t - a potion of lignification
 u - 2 potions of mutation {unknown}
 v - 3 potions of resistance {unknown}
Comestibles
 b - 8 rations


   Skills:
 + Level 2.1 Fighting
 - Level 2.0 Short Blades
 + Level 3.7 Dodging
 - Level 1.7 Stealth
 + Level 0.1 Unarmed Combat
 + Level 4.7 Spellcasting
 + Level 1.3 Conjurations
 + Level 0.6 Charms
 * Level 7.3 Ice Magic


You had 4 spell levels left.
You knew the following spells:

 Your Spells              Type           Power        Failure   Level  Hunger
a - Freeze                Ice            ####         1%          1    None
b - Ozocubu's Armour      Chrm/Ice       ###.....     9%          3    ###....
c - Throw Icicle          Conj/Ice       ###.....     24%         4    ####...
d - Summon Ice Beast      Ice/Summ       ###.....     32%         4    ####...


Dungeon Overview and Level Annotations

Branches:
Dungeon (6/15)
 Temple: D:4-7

Altars:
Elyvilon
Hepliaklqana
Okawaru
Trog
Vehumet
The Shining One


Innate Abilities, Weirdness & Mutations

You can walk through water.
Your dull iron-grey scales are very hard. (AC +11)
You cannot fit into any form of body armour.
You can survive without breathing.
You are cold-blooded and may be slowed by cold attacks.


Message History

The orc warrior barely misses you. The orc warrior closely misses you.
Your icy armour starts to melt.
Your icy armour evaporates.
The orc warrior closely misses you.
Casting: Freeze
Confirm with . or Enter, or press ? or * to list all spells.
Aiming: Throw Icicle
Press: ? - help, Shift-Dir - straight line, f/p - orc warrior
Aim: an orc warrior, wielding a halberd and wearing a plate armour (severely wounded)
The shard of ice hits the orc warrior.
The orc warrior is almost dead.
The orc warrior closely misses you.
The orc warrior hits you from afar with a halberd!
* * * LOW HITPOINT WARNING * * *
The orc warrior barely misses you.
You barely miss the orc warrior.
The orc warrior is almost dead.
The orc warrior hits you with a halberd!!
You die...

..################.#.............
........# #.##............
........# #.##..########..
........# #.....# #.. #.......#
#####.# #.# #.......##### #.# #.#
....#####...# #.# #.#
#...#####...##########.########.#
................@o...............
.##.#...##############....#####.#
.##.#...# #..........# ....#####
##...####### .######## ##### #
.####...######### ##
.##.....'.......# #.
###.#...#######.# ## #.##### #.#
#


You could see an orc warrior.

Vanquished Creatures
  An ice beast (D:5)
  2 centaurs
  2 ogres
  A bullfrog (D:6)
  2 wights (D:6)
  2 crimson imps
  A quasit (D:3)
  2 bullfrog skeletons
  2 hounds
  2 orc wizards
  3 worker ants
  8 gnolls
  8 adders
  An ooze (D:3)
  An adder skeleton (D:5)
  3 dart slugs (D:2)
  6 leopard geckos
  8 orcs
  10 bats
  A giant cockroach (D:3)
  7 goblins
  2 hobgoblins
  10 jackals
  4 quokkas
  A ball python skeleton (D:6)
  3 frilled lizards
  9 kobolds
  2 rats
104 creatures vanquished.

Notes
Turn   | Place    | Note
-------+----------+-------------------------------------------
     0 | D:1      | Inarius the Draconian Ice Elementalist began the quest for the Orb.
     0 | D:1      | Reached XP level 1. HP: 14/14 MP: 3/3
   430 | D:1      | Reached XP level 2. HP: 20/20 MP: 1/5
  1341 | D:2      | Reached skill level 4 in Ice Magic
  1413 | D:2      | Reached XP level 3. HP: 17/26 MP: 6/6
  2156 | D:2      | Reached skill level 1 in Short Blades
  2429 | D:3      | Reached XP level 4. HP: 23/34 MP: 2/7
  2640 | D:3      | Learned a level 3 spell: Ozocubu's Armour
  2645 | D:3      | Learned a level 4 spell: Throw Icicle
  2974 | D:3      | Found a hazy altar of Hepliaklqana.
  3068 | D:3      | Reached XP level 5. HP: 39/39 MP: 5/9
  3385 | D:3      | Found an iron altar of Okawaru.
  3474 | D:4      | Found a radiant altar of Vehumet.
  3511 | D:4      | Became a worshipper of Vehumet
  3519 | D:4      | Found a white marble altar of Elyvilon.
  3532 | D:4      | Reached skill level 5 in Ice Magic
  3824 | D:4      | Reached skill level 1 in Fighting
  3842 | D:4      | Reached XP level 6. HP: 32/47 MP: 5/10
  4574 | D:4      | Found a glowing golden altar of the Shining One.
  4589 | D:4      | Found a bloodstained altar of Trog.
  4799 | D:5      | Entered Level 5 of the Dungeon
  5292 | D:5      | Identified An Introduction to Sorcery
  5440 | D:5      | Reached * piety under Vehumet
  5440 | D:5      | Offered knowledge of Flame Tongue by Vehumet.
  5440 | D:5      | Reached skill level 6 in Ice Magic
  5440 | D:5      | Your scales start taking on a dull iron-grey colour.
  5440 | D:5      | Reached XP level 7. HP: 36/52 MP: 5/12
  5440 | D:5      | Gained mutation: You can survive without breathing. [Grey Draconian growth]
  5691 | D:5      | Learned a level 4 spell: Summon Ice Beast
  6337 | D:6      | Reached skill level 7 in Ice Magic
  6337 | D:6      | Reached XP level 8. HP: 29/61 MP: 14/14
  7005 | D:5      | HP: 1/61 [orc warrior/halberd (17)]
  7007 | D:5      | Demolished by an orc warrior

Skill      XL: |  1  2  3  4  5  6  7 |
---------------+----------------------+-----
Ice Magic      | 4 5 6 7 |  7.3
Dodging        | 2 3 |  3.7
Short Blades   | 1 2 |  2.0
Fighting       | 1 2 |  2.1
Spellcasting   | 3 4 |  4.7
Stealth        | |  1.7
Unarmed Combat | |  0.1
Conjurations   | |  1.3
Charms         | |  0.6

Action                   |  1- 3 |  4- 6 |  7- 9 || total
-------------------------+-------+-------+-------++-------
Melee: Unarmed           |    15 |       |       ||    15
       Mace              |    17 |       |     5 ||    22
       Tailslap          |     5 |     9 |    13 ||    27
       Dagger            |    63 |   129 |    69 ||   261
 Cast: Freeze            |    20 |    57 |    12 ||    89
       Throw Icicle      |       |     3 |    12 ||    15
       Ozocubu's Armour  |       |     1 |     4 ||     5
  Use: Scroll            |       |     6 |       ||     6
       Potion            |       |     3 |     2 ||     5
 Stab: Sleeping          |     2 |     7 |       ||     9
       Distracted        |     1 |       |       ||     1
  Eat: Chunk             |     5 |    10 |     5 ||    20
       Ration            |       |       |     1 ||     1
Armor: Skin              |    36 |    66 |    17 ||   119
Dodge: Dodged            |    77 |   136 |    55 ||   268
